 Dungeon Crawl Stone Soup version 0.32-a0-616-g9348d4545b (webtiles) character file.

Game seed: 17267071493476496231

138584 TheMeInTeam the Carver (level 17, 0/105 (119) HPs)
             Began as a Coglin Hedge Wizard on Mar 5, 2024.
             Was the Champion of Hepliaklqana.
             Slain by a hellwing (6 damage)
             ... summoned by Mlioglotl
             ... on level 2 of the Spider Nest on Mar 6, 2024.
             The game lasted 01:34:50 (29931 turns).

TheMeInTeam the Carver (Coglin Hedge Wizard)       Turns: 29931, Time: 01:34:51

HP:   0/105 (119)   AC: 13    Str: 11    XL:     17   Next: 26%
MP:   16/26         EV: 18    Int: 17    God:    Hepliaklqana [******]
Gold: 1355          SH:  0    Dex: 18    Spells: 2/28 levels left

rFire   + . .        x - +11 Singing Sword {sonic wave}
rCold   + + .        g - +2 scimitar (flame) {Servia}
rNeg    . . .        M - +2 robe {rC+ rF+}
rPois   +            a - +0 helmet
rElec   .            R - +2 cloak {rPois}
rCorr   .            y - +2 pair of gloves
SInv    .            N - +0 pair of boots
Will    ++...        (amulet unavailable)
Stlth   ++           (ring unavailable)
HPRegen 1.17/turn    (ring unavailable)
MPRegen 0.60/turn    z - recursive core {rC+ Will+ Regen+ RegenMP+}

%: no passive effects
@: about to teleport, studying Invocations, heavily drained, revving
A: reduced essence, off-hand wielding, slow wielding, warmup strikes, no
jewellery, mutation resistance 1
a: Renounce Religion, Recall Ancestor, Ancestor Identity, Transference, Idealise


You were on level 2 of the Spider Nest.
You worshipped Hepliaklqana.
Hepliaklqana was exalted by your worship.
You visited 4 branches of the dungeon, and saw 24 of its levels.
You also visited: Bailey and Gauntlet.

You collected 3429 gold pieces.
You spent 2074 gold pieces at shops.

Inventory:

Hand Weapons
 g - a +2 scimitar of flaming (offhand) {Servia}
 x - the +11 Singing Sword (weapon) {sonic wave}
   (You found it on level 4 of the Dungeon)
Missiles
 H - 3 throwing nets
Armour
 a - a +0 helmet (worn)
 j - an orb of guile
 s - the +4 ring mail of the Bells {Dex+9}
   (You found it on level 3 of the Dungeon)

   Dex+9:     It affects your dexterity (+9).
 y - a +2 pair of gloves (worn)
 B - a +3 ring mail of poison resistance
 M - a +2 robe of resistance (worn)
 N - a +0 pair of boots (worn)
 R - a +2 cloak of poison resistance (worn)
Gizmo
 z - a recursive core (installed) {rC+ Will+ Regen+ RegenMP+}
   (You invented it yourself on level 4 of the Lair of Beasts)

   [recursive core]

   rC+:       It protects you from cold.
   Will+:     It increases your willpower.
   Regen+:    It increases your rate of health regeneration.
   RegenMP+:  It increases your rate of magic regeneration.
Wands
 d - a wand of mindburst (7)
 v - a wand of polymorph (12)
 E - a wand of flame (81)
 K - a wand of warping (10)
 Q - a wand of paralysis (1)
 S - a wand of light (4)
 X - a wand of digging (4)
Scrolls
 b - a scroll of fear
 c - 5 scrolls of enchant armour
 e - 2 scrolls of summoning
 f - 2 scrolls of poison
 h - a scroll of brand weapon
 i - a scroll of enchant weapon
 l - 3 scrolls of teleportation
 r - 3 scrolls of amnesia
 u - 2 scrolls of torment
 w - 2 scrolls of fog
 A - 3 scrolls of revelation
 D - a scroll of acquirement {unknown}
 I - 3 scrolls of immolation
 O - a scroll of silence {unknown}
 P - 2 scrolls of vulnerability {unknown}
 T - a scroll of blinking
 V - 3 scrolls of identify
Potions
 k - 3 potions of haste
 m - 7 potions of cancellation
 n - 10 potions of enlightenment
 p - 8 potions of curing
 q - 4 potions of might
 t - 5 potions of brilliance
 C - a potion of ambrosia
 F - a potion of invisibility
 G - 5 potions of lignification
 J - 2 potions of berserk rage
 L - 2 potions of resistance
 U - a potion of mutation
 W - a potion of heal wounds
Miscellaneous
 o - a phantom mirror


   Skills:
 + Level 11.9 Fighting
 - Level 6.8(10.3) Short Blades
 + Level 13.1(13.9) Long Blades
 + Level 5.8 Armour
 + Level 10.0 Dodging
 - Level 2.0 Stealth
 + Level 6.0 Spellcasting
 - Level 10.0 Conjurations
 + Level 7.6 Hexes
 - Level 4.0 Summonings
 - Level 1.0 Translocations
 - Level 6.0 Air Magic
 - Level 12.0 Alchemy
 + Level 7.4 Invocations
 - Level 6.0 Evocations


You had 2 spell levels left.
You knew the following spells:

 Your Spells              Type           Power      Damage    Failure   Level
a - Magic Dart            Conj           100%       1d8       1%          1
b - Call Imp              Summ           36%        N/A       3%          2
c - Mercury Vapours       Alch/Air       70%        N/A       1%          2
d - Olgreb's Toxic Radia  Alch           45%        N/A       1%          4
e - Irradiate             Conj/Alch      21%        3d18      3%          5
f - Searing Ray           Conj           78%        2d7       1%          2
r - Mephitic Cloud        Conj/Alch/Air  36%        N/A       1%          3
s - Blink                 Tloc           16%        N/A       13%         2
w - Yara's Violent Unrav  Hex/Alch       19%        3d9       6%          5

Your spell library contained the following spells:

 Spells                   Type           Power      Damage    Failure   Level
 Kiss of Death            Conj/Necr      88%        2d12      1%          1
 Slow                     Hex            100%       N/A       1%          1
 Sting                    Conj/Alch      100%       1d9       1%          1
 Cigotuvi's Dreadful Rot  Necr/Alch/Air  50%        N/A       1%          2
 Jinxbite                 Hex            62%        N/A       1%          2
 Momentum Strike          Conj/Tloc      46%        3d9       1%          2
 Lesser Beckoning         Tloc           16%        N/A       13%         2
 Sublimation of Blood     Necr           5%         N/A       19%         2
 Confusing Touch          Hex            31%        N/A       1%          3
 Dazzling Flash           Conj/Hex       70%        N/A       1%          3
 Tukima's Dance           Hex            31%        N/A       1%          3
 Fulminant Prism          Conj/Alch      21%        3d12      1%          4
 Cause Fear               Hex            15%        N/A       5%          4
 Ignite Poison            Fire/Alch      25%        N/A       11%         4
 Leda's Liquefaction      Alch/Erth      12%        N/A       11%         4
 Petrify                  Alch/Erth      25%        N/A       11%         4
 Sticky Flame             Fire/Alch      25%        2d6       11%         4
 Iskenderun's Mystic Bla  Conj/Tloc      23%        2d6       13%         4
 Silence                  Hex/Air        14%        N/A       22%         5
 Gell's Gravitas          Tloc           8%         N/A       26%         3
 Anguish                  Hex/Necr       9%         N/A       26%         4
 Frozen Ramparts          Ice            10%        1d2       36%         3
 Metabolic Englaciation   Hex/Ice        9%         N/A       58%         5
 Manifold Assault         Tloc           8%         N/A       63%         4
 Passage of Golubria      Tloc           8%         N/A       63%         4
 Dispel Undead            Necr           5%         3d7       77%         4
 Curse of Agony           Necr           5%         N/A       98%         5
 Enfeeble                 Hex            15%        N/A       99%         7
 Dispersal                Tloc           4%         N/A       100%        6
 Malign Gateway           Summ/Tloc      6%         N/A       100%        7
 Disjunction              Tloc           4%         N/A       100%        8
 Ignition                 Fire           2%         3d3       100%        8
 Chain Lightning          Conj/Air       16%        3d21      100%        9
 Fire Storm               Conj/Fire      11%        8d3       100%        9
 Shatter                  Erth           2%         3d6*      100%        9


Dungeon Overview and Level Annotations

Branches:
Dungeon (15/15)            Temple (0/1) D:4            Lair (5/5) D:9
 Shoals (0/4) Lair:3       Spider (2/4) Lair:3        Slime (0/5) Lair:4
    Orc (2/2) D:12            Elf (0/3) Orc:2        Vaults (0/5) D:13
 Depths (0/4) D:15         Bailey (visited)         Gauntlet (visited)

Altars:
Ashenzari
Dithmenos
Elyvilon
Fedhas
Gozag
Hepliaklqana
Makhleb
Nemelex Xobeh
Okawaru
Qazlal
Trog
Uskayaw
Xom
Yredelemnul

Shops:
D:6 (*   D:8 (   D:9 :   D:12 [   Orc:1 :   Orc:2 =*[(

Portals:
Hell: Lair:5
Trove: D:11 (give 17 potions of curing)

Annotations:
Lair:4 exclusion: 4 oklob plants
Spider:1 2 runed translucent doors, exclusion: 2 doors, Ceotz's ghost, adept MiFi
Spider:2 Mlioglotl


Innate Abilities, Weirdness & Mutations

Your life essence is reduced to manifest your ancestor. (-10% HP)
You can wield a second weapon in your off-hand.
It takes a long time for you to wield or remove held weapons.
Your first few attacks do less damage.
You cannot equip rings or amulets.
You are somewhat resistant to further mutation.


Message History

The culicivora is engulfed in noxious fumes.
The culicivora appears confused.
Found 16 gold pieces.
The culicivora looks as sick as possible!
The culicivora is engulfed in noxious fumes.
The radroach is engulfed in noxious fumes.
The radroach appears confused.
The radroach looks as sick as possible!
You kill the culicivora!
Icuphuydd hits the radroach but does no damage.
The radroach is engulfed in noxious fumes.
You see here a scroll of identify.
V - 3 scrolls of identify (gained 1) Icuphuydd hits the radroach with a +0 dagger of draining.
Icuphuydd drains the radroach.
Icuphuydd hits the radroach but does no damage.
The radroach bites Icuphuydd!!
The radroach claws Icuphuydd!
Icuphuydd hits the radroach with a +0 dagger of draining!
Icuphuydd drains the radroach.
The radroach looks as sick as possible!
Icuphuydd hits the radroach with a +0 dagger of draining.
Icuphuydd drains the radroach.
Icuphuydd gestures at the radroach while chanting.
The radroach easily resists.
Icuphuydd barely misses the radroach.
The radroach looks as sick as possible!
Your toxic aura wanes.
You kill the radroach!
You now have 1339 gold pieces (gained 10).
You now have 1355 gold pieces (gained 16).
Ancestor HP restored.
A culicivora comes into view.
A culicivora is nearby!
A culicivora is nearby!
Casting: Olgreb's Toxic Radiance (mildly dangerous; 1% risk of failure)
Confirm with . or Enter, or press ? or * to list all spells.
You begin to radiate toxic energy.
The culicivora's many legs skitter faintly.
The culicivora is poisoned.
Icuphuydd gestures at the culicivora while chanting.
The culicivora resists with significant effort.
The culicivora closely misses you.
You hit the culicivora but do no damage.
The culicivora is moderately wounded.
You slash the culicivora with your +2 scimitar of flaming!
You burn the culicivora. The culicivora bites you.
The culicivora draws strength from your injuries!
You barely miss the culicivora with your +2 scimitar of flaming.
The culicivora is severely wounded.
You cut the culicivora into ribbons with the +11 Singing Sword!!!
The Singing Sword chimes harmoniously.
You send a blast of sound all around you.
You kill the culicivora!
Your toxic aura wanes.
HP restored.
Found an escape hatch in the floor.
There is an escape hatch in the floor here.
You swap places.
There is an escape hatch in the floor here.
A wolf spider comes into view.
A wolf spider is nearby!
A redback and a jumping spider come into view.
A culicivora comes into view.
Casting: Olgreb's Toxic Radiance (mildly dangerous; 1% risk of failure)
Confirm with . or Enter, or press ? or * to list all spells.
Aiming: Mephitic Cloud (safe; 1% risk of failure)
Press: ? - help, Shift-Dir - straight line, f - wolf spider
Aim: a wolf spider (ally target, chance to affect: 48%)
The ball explodes into a vile cloud!
The stinking cloud engulfs the wolf spider.
You hear a faint skittering sound.
The culicivora's many legs skitter faintly.
You hear a faint skittering sound.
You hear a chilling moan. x2
You hear a skittering sound.
The wolf spider is engulfed in noxious fumes.
A tarantella comes into view.
A redback comes into view.
Casting: Mephitic Cloud (safe; 1% risk of failure)
Confirm with . or Enter, or press ? or * to list all spells.
You begin to radiate toxic energy.
The redback is poisoned.
The culicivora is poisoned.
The tarantella is poisoned.
The redback is poisoned.
The wolf spider is poisoned.
The jumping spider is poisoned.
The redback looks even sicker.
The tarantella looks even sicker.
The jumping spider looks even sicker.
A redback comes into view.
The wolf spider hits you but does no damage.
The wolf spider misses you.
Icuphuydd casts a spell at the wolf spider.
The wolf spider suddenly stops moving!
A pharaoh ant comes into view.
Casting: Olgreb's Toxic Radiance (mildly dangerous; 1% risk of failure)
Confirm with . or Enter, or press ? or * to list all spells.
Your toxic radiance grows in intensity.
The redback looks even sicker.
The redback is poisoned.
The tarantella looks even sicker.
The wolf spider looks even sicker.
The redback is engulfed in noxious fumes.
The culicivora chitters at the tarantella.
The tarantella is healed somewhat.
Icuphuydd hits the wolf spider with a +0 dagger of draining!
Icuphuydd drains the wolf spider.
The redback is engulfed in noxious fumes.
The redback appears confused.
The redback bites Icuphuydd!
The helpless wolf spider fails to defend itself.
You slash the wolf spider with your +2 scimitar of flaming!
You burn the wolf spider.
The wolf spider is severely wounded.
The helpless wolf spider fails to defend itself.
You slice the wolf spider with the +11 Singing Sword!!
You kill the wolf spider!
The redback looks as sick as possible!
The jumping spider looks even sicker.
Icuphuydd hits the redback with a +0 dagger of draining!
The redback dies!
The redback is engulfed in noxious fumes.
The tarantella is engulfed in noxious fumes.
The jumping spider leaps!
Casting: Olgreb's Toxic Radiance (mildly dangerous; 1% risk of failure)
Confirm with . or Enter, or press ? or * to list all spells.
Your toxic radiance grows in intensity.
The redback looks even sicker. x3
The tarantella is engulfed in noxious fumes.
The tarantella appears confused.
The redback is engulfed in noxious fumes.
The redback appears confused.
The culicivora is engulfed in noxious fumes.
Casting: Olgreb's Toxic Radiance (mildly dangerous; 1% risk of failure)
Confirm with . or Enter, or press ? or * to list all spells.
Your toxic radiance grows in intensity.
You kill the tarantella!
You kill the redback!
Something bites Icuphuydd!
The culicivora is engulfed in noxious fumes.
The culicivora chitters at the redback.
The redback is healed somewhat.
The redback is engulfed in noxious fumes.
Something corrupts the dungeon around it!
The white imp shouts!
Icuphuydd hits the culicivora with a +0 dagger of draining!
The culicivora dies!
You hit the redback with your +2 scimitar of flaming.
You burn the redback.
The redback is almost dead.
You slash the redback with the +11 Singing Sword!
The Singing Sword repeatedly practises counterpoints.
You send a blast of sound all around you.
The small abomination is moderately damaged.
The hellwing is lightly wounded.
You kill the white imp!
The white imp disappears in a puff of smoke!
The jumping spider is almost dead.
You kill the redback!
You kill the jumping spider!
The pharaoh ant bites Icuphuydd!!
Icuphuydd barely misses the pharaoh ant.
Press: ? - help, v - describe, . - travel
Here: a pharaoh ant (ally target)
The floor.
The pharaoh ant bites Icuphuydd!!
Icuphuydd is destroyed!
Okay, then.
You slash the pharaoh ant with the +11 Singing Sword!
The Singing Sword rings like a bell.
You send a blast of sound all around you.
The pharaoh ant is heavily damaged.
The small abomination is heavily damaged.
The pharaoh ant is heavily damaged.
You hit the pharaoh ant with your +2 scimitar of flaming.
You burn the pharaoh ant. The pharaoh ant completely misses you.
A pharaoh ant comes into view.
You closely miss the pharaoh ant with the +11 Singing Sword.
The pharaoh ant is severely damaged.
The pharaoh ant gives a chilling moan.
You slash the pharaoh ant with your +2 scimitar of flaming!
You burn the pharaoh ant.
You hear a skittering sound.
The pharaoh ant bites you! The small abomination hits you!
You closely miss the pharaoh ant with your +2 scimitar of flaming.
The pharaoh ant is almost destroyed.
You closely miss the pharaoh ant with the +11 Singing Sword.
The pharaoh ant waves its antennae.
The pharaoh ant bites you!! The small abomination hits you.
As you read the scroll of teleportation, it crumbles to dust.
You feel strangely unstable. The pharaoh ant bites you!!
* * * LOW HITPOINT WARNING * * *
You feel drained.
* * * LOW HITPOINT WARNING * * *
The small abomination hits you but does no damage.
The pharaoh ant misses you.
You feel much better. The pharaoh ant bites you!!!
* * * LOW HITPOINT WARNING * * *
You feel drained.
* * * LOW HITPOINT WARNING * * *
The small abomination misses you. The pharaoh ant misses you.
Mlioglotl, the Unformed Horror comes into view.
The pharaoh ant bites you but does no damage.
A redback comes into view.
The hellwing swoops through the air toward you!
The hellwing hits you but does no damage.
The hellwing closely misses you.
You hear a skittering sound.
Okay, then.
Your toxic aura wanes.
The hellwing hits you.
You die...
Hepliaklqana delivers you to your ancestors.

.... .†..... ......# ######
......# ###....####### .s.....
##...>...#...^##X°....
#...##......B.#....##. ##
##.##......@B....# ....##
###.......4x...## ##....#
##......#####..#####..#..##
##....####...####.#.......^##
##....##.....................#
#^....#..................†...#
##....##......................
.#.....###..............††....
#...............................


You could see a hellwing (summoned), 2 pharaoh ants and a small abomination
(summoned).

Vanquished Creatures
  Jorgrun (Orc:2)
  An emperor scorpion (Spider:1)
  An orc warlord (Orc:2)
  3 broodmothers (Spider:1)
  2 spark wasps
  2 entropy weavers
  Josephine (D:12)
  4 hydras
  2 vault guards (D:13)
  A rakshasa (D:14)
  7 centaur warriors
  2 ogre magi (D:15)
  7 boulder beetles
  A radroach (Spider:2)
  6 two-headed ogres
  2 tengu warriors
  12 death yaks (Lair:5)
  A deep troll earth mage (D:15)
  4 orc high priests (Orc:2)
  Urug (Orc:2)
  Nergalle (D:11)
  A sun demon (Lair:5)
  3 skysharks (Lair:5)
  Lodul (D:13)
  2 pharaoh ants (Spider:1)
  An orb spider (Spider:1)
  2 arcanists
  A sun moth (Spider:1)
  5 orc knights
  A necromancer (D:13)
  5 steelbarb worms
  5 wolf spiders
  3 cyclopes
  3 orc sorcerers
  A manticore (D:11)
  18 ugly things
  A manticore (shapeshifter) (D:12)
  A salamander (shapeshifter) (D:13)
  5 elephants
  A moth of wrath (Spider:1)
  2 large abominations (Gauntlet)
  A kobold blastminer (Orc:1)
  A water nymph (Lair:3)
  4 slime creatures
  A smoke demon (Lair:5)
  3 black mambas
  2 unseen horrors (D:11)
  10 cane toads
  An orange demon (Lair:5)
  2 gargoyles (D:12)
  A kobold demonologist (D:11)
  Jeremiah (D:7)
  An efreet (D:14)
  3 rime drakes
  2 ice devils (Lair:5)
  13 komodo dragons
  2 trolls
  2 red devils (Lair:5)
  A wolf spider simulacrum (D:13)
  A hornet (D:11)
  8 tarantellas
  21 blink frogs
  2 dream sheep (Lair:5)
  Sigmund (D:2)
  11 jumping spiders
  A vampire (D:11)
  8 wyverns
  11 culicivoras
  A human (shapeshifter) (D:13)
  16 yaks
  4 centaur simulacra
  A shadow (D:10)
  5 wraiths
  Eustachio (D:6)
  17 redbacks
  3 basilisks
  17 humans
  A warg (Orc:1)
  3 steam dragons
  Menkaure (D:6)
  6 vampire mosquitoes
  3 hell hounds (Lair:5)
  2 acid dragons
  17 water moccasins
  2 ice beasts (D:9)
  27 orc warriors
  A laughing skull (D:14)
  A sky beast (D:6)
  4 black bears
  4 small abominations (Gauntlet)
  An ice dragon simulacrum (Gauntlet)
  16 ogres
  8 wolves
  10 centaurs
  A phantom (D:6)
  A kobold brigand (D:14)
  12 bullfrogs
  3 scorpions
  6 wights
  2 hornet simulacra
  4 killer bees
  7 howler monkeys
  An electric eel (D:7)
  2 gnoll boudas (D:6)
  5 hounds
  2 jellies (Lair:4)
  20 orc priests
  Ijyb (D:4)
  Natasha (twice) (D:2)
  7 iguanas
  18 orc wizards
  3 hell rats (Lair:4)
  7 hexers
  9 gnolls
  11 adders
  4 shadow imps
  2 ufetubi (D:7)
  2 ribbon worms
  75 orcs
  5 ball pythons
  4 endoplasms
  2 giant cockroaches (D:1)
  12 hobgoblins
  A jackal (D:2)
  27 kobolds
  A quokka (D:3)
  6 bats
  6 frilled lizards
  15 goblins
  7 rats
704 creatures vanquished.

Vanquished Creatures (collateral kills)
  2 hydras
  2 catoblepae
  3 two-headed ogres
  A tengu warrior (D:14)
  A skyshark (Lair:5)
  A pharaoh ant (Lair:3)
  2 arcanists (D:13)
  An orc knight (Bailey)
  A necromancer (D:13)
  A wolf spider (Spider:1)
  A cyclops (D:14)
  5 ugly things
  An orc sorcerer (Orc:2)
  2 manticores
  3 elephants
  A kobold blastminer (Orc:1)
  3 black mambas
  5 cane toads
  An unseen horror (D:12)
  2 rime drakes (Lair:5)
  8 komodo dragons
  An ice devil (Lair:5)
  A polar bear (Lair:5)
  A troll (Orc:2)
  Prince Ribbit (D:6)
  A tarantella (Lair:3)
  A hornet (D:10)
  2 blink frogs (Lair:5)
  3 dream sheep (Lair:5)
  2 slime creatures (D:12)
  A jumping spider (Spider:1)
  A wraith (D:12)
  A wyvern (D:9)
  A culicivora (Spider:2)
  2 centaur simulacra
  A basilisk (Lair:4)
  A wyvern (shapeshifter) (D:14)
  7 yaks
  A redback (Spider:2)
  3 humans (D:13)
  5 vampire mosquitoes
  A small abomination (Gauntlet)
  7 water moccasins
  A black bear (Lair:3)
  An ice beast (D:9)
  7 orc warriors
  2 ogres (D:6)
  3 wolves
  2 centaurs
  A kobold brigand (D:7)
  2 bullfrogs
  2 scorpions (D:4)
  2 wights
  A gnoll sergeant (D:8)
  5 killer bees
  2 electric eels (D:7)
  A howler monkey (D:11)
  6 jellies
  4 orc priests
  A gnoll bouda (D:6)
  2 sleepcaps
  4 orc wizards
  Natasha (D:2)
  A hell rat (Lair:4)
  2 gnolls (D:6)
  A shadow imp (D:3)
  7 orcs
  A bat (D:4)
  An endoplasm (Lair:4)
  A giant cockroach (D:4)
  2 hobgoblins
  6 kobolds
164 creatures vanquished.

Vanquished Creatures (others)
  A necromancer (D:13)
  An electric eel (D:7)
  20 hexers
  2 ancestors (D:4)
24 creatures vanquished.

Grand Total: 892 creatures vanquished

Notes
Turn   | Place    | Note
-------+----------+-------------------------------------------
     0 | D:1      | TheMeInTeam the Coglin Hedge Wizard began the quest for the
                  | Orb.
     0 | D:1      | Reached XP level 1. HP: 13/13 MP: 4/4
   120 | D:1      | Reached skill level 1 in Conjurations
   207 | D:1      | Reached XP level 2. HP: 20/20 MP: 1/5
   257 | D:1      | Learned a level 2 spell: Call Imp
   830 | D:1      | Reached XP level 3. HP: 25/25 MP: 4/7
  1218 | D:1      | Learned a level 3 spell: Mephitic Cloud
  1359 | D:2      | Noticed Sigmund
  1377 | D:2      | Noticed Natasha
  2162 | D:2      | Found a faded altar of an unknown god.
  2299 | D:3      | Found a hide-covered altar of Uskayaw.
  2319 | D:3      | Found a hazy altar of Hepliaklqana.
  2327 | D:3      | Became a worshipper of Hepliaklqana the Forgotten
  2501 | D:3      | Identified the +4 ring mail of the Bells {Dex+9}
  2549 | D:3      | Reached skill level 1 in Fighting
  2549 | D:3      | Reached XP level 4. HP: 24/32 MP: 4/8
  2602 | D:3      | Found a transporter.
  2605 | D:3      | Found a transporter.
  2607 | D:3      | Noticed a water elemental
  2611 | D:3      | Found a stormy altar of Qazlal.
  2615 | D:3      | Noticed a fire elemental
  2615 | D:3      | Noticed an earth elemental
  2615 | D:3      | Noticed an air elemental
  2697 | D:3      | Reached skill level 1 in Alchemy
  3039 | D:3      | Found a shadowy altar of Dithmenos.
  3067 | D:3      | Reached XP level 5. HP: 37/37 MP: 4/9
  3245 | D:3      | You fall into a shaft and drop 1 floor!
  3366 | D:4      | Found a shimmering altar of Xom.
  3391 | D:4      | Reached * piety under Hepliaklqana
  3437 | D:4      | Reached skill level 1 in Short Blades
  3437 | D:4      | Reached skill level 1 in Air Magic
  3599 | D:4      | Noticed Ijyb
  3620 | D:4      | Killed Ijyb
  4007 | D:4      | Reached XP level 6. HP: 37/39 MP: 6/10
  4042 | D:4      | Found a staircase to the Ecumenical Temple.
  4158 | D:4      | Found the +11 Singing Sword {sonic wave}
  4201 | D:4      | Reached XP level 7. HP: 22/45 MP: 11/11
  4679 | D:4      | Reached ** piety under Hepliaklqana
  4680 | D:4      | Remembered your ancestor Icuphuydd as a hexer
  4873 | D:5      | Entered Level 5 of the Dungeon
  4885 | D:5      | Noticed a steam dragon
  4897 | D:5      | Killed a steam dragon
  5030 | D:5      | Found a sparkling altar of Nemelex Xobeh.
  5722 | D:6      | Noticed Menkaure
  5728 | D:6      | Killed Menkaure
  5729 | D:6      | Reached skill level 1 in Long Blades
  5729 | D:6      | Reached XP level 8. HP: 28/52 MP: 8/13
  5884 | D:6      | Noticed Prince Ribbit
  5893 | D:6      | Killed Prince Ribbit
  5969 | D:6      | Noticed Eustachio
  5993 | D:6      | Killed Eustachio
  6171 | D:6      | Found Noukhesk's Serpentskin Sales.
  6265 | D:6      | Reached skill level 2 in Long Blades
  6456 | D:6      | Reached XP level 9. HP: 59/59 MP: 11/14
  6473 | D:6      | Reached skill level 5 in Fighting
  6713 | D:6      | Reached skill level 5 in Conjurations
  7209 | D:6      | Found Kovi's Weapon Boutique.
  7211 | D:6      | Reached *** piety under Hepliaklqana
  7384 | D:7      | Reached skill level 3 in Long Blades
  7503 | D:7      | Found a flagged portal.
  7509 | Bailey   | Entered a bailey
  7553 | Bailey   | Noticed an orc knight
  7568 | Bailey   | Killed an orc knight
  7676 | Bailey   | Noticed an orc knight
  7700 | Bailey   | Reached XP level 10. HP: 64/68 MP: 6/16
  7866 | Bailey   | Killed an orc knight
  7867 | Bailey   | Reached skill level 5 in Alchemy
  8173 | D:7      | Noticed Jeremiah
  8210 | D:7      | Killed Jeremiah
  8290 | D:7      | Reached skill level 1 in Evocations
  8469 | D:7      | Found a bloodstained altar of Trog.
  8654 | D:7      | Found a transporter.
  8658 | D:7      | Found a transporter.
  8699 | D:7      | Reached **** piety under Hepliaklqana
  8959 | D:8      | Reached skill level 4 in Long Blades
  9032 | D:8      | Reached skill level 5 in Spellcasting
  9163 | D:8      | Learned a level 2 spell: Blink
  9166 | D:8      | Learned a level 2 spell: Searing Ray
  9195 | D:8      | Found Toteit's Weapon Shop.
  9698 | D:9      | Found a transporter.
  9715 | D:9      | Noticed a centaur warrior
  9785 | D:9      | Killed a centaur warrior
  9786 | D:9      | Reached skill level 5 in Short Blades
  9786 | D:9      | Reached XP level 11. HP: 46/75 MP: 2/19
 10100 | D:9      | Found a basalt altar of Yredelemnul.
 10245 | D:9      | Found a white marble altar of Elyvilon.
 10285 | D:9      | Found a transporter.
 10327 | D:9      | Reached skill level 5 in Long Blades
 10334 | D:9      | Noticed a centaur warrior
 10778 | D:9      | Killed a centaur warrior
 10779 | D:9      | Reached skill level 5 in Air Magic
 11197 | D:9      | Found a blossoming altar of Fedhas.
 11197 | D:9      | Found a broken altar of Ashenzari.
 11198 | D:9      | Found an opulent altar of Gozag.
 11219 | D:9      | Found a staircase to the Lair.
 11536 | D:9      | Found an iron altar of Okawaru.
 11642 | D:9      | Found Norythi's Book Emporium.
 11650 | D:9      | Bought a Young Poisoner's Handbook for 240 gold pieces
 11655 | D:9      | Learned a level 4 spell: Olgreb's Toxic Radiance
 11866 | D:10     | Entered Level 10 of the Dungeon
 12040 | D:10     | Reached ***** piety under Hepliaklqana
 12491 | D:10     | Reached skill level 5 in Evocations
 13074 | D:11     | Noticed a two-headed ogre
 13082 | D:11     | Killed a two-headed ogre
 13083 | D:11     | Reached XP level 12. HP: 85/85 MP: 15/21
 13167 | D:11     | Reached skill level 6 in Long Blades
 13313 | D:11     | Noticed Nergalle
 13328 | D:11     | Killed Nergalle
 13416 | D:11     | Noticed a two-headed ogre
 13425 | D:11     | Killed a two-headed ogre
 13649 | D:11     | Learned a level 5 spell: Irradiate
 13946 | D:11     | Found a portal to a secret trove of treasure.
 14098 | D:11     | Noticed a yaktaur captain
 14425 | D:2      | Killed Natasha
 14481 | D:2      | Found a faded altar of an unknown god.
 14499 | D:2      | Killed Sigmund
 15322 | D:2      | Noticed Natasha
 15330 | D:2      | Killed Natasha
 15345 | D:2      | Found a faded altar of an unknown god.
 15367 | D:2      | Noticed Natasha
 15370 | D:2      | Killed Natasha
 16145 | Lair:1   | Entered Level 1 of the Lair of Beasts
 16157 | Lair:1   | Reached skill level 10 in Fighting
 16394 | Lair:1   | Reached skill level 7 in Long Blades
 16668 | Lair:1   | Noticed a boulder beetle
 16679 | Lair:1   | Killed a boulder beetle
 17526 | Lair:2   | Reached XP level 13. HP: 92/92 MP: 7/22
 18396 | Lair:3   | Reached skill level 8 in Long Blades
 19401 | Lair:3   | Found a staircase to the Shoals.
 19648 | Lair:3   | Found a hole to the Spider Nest.
 20110 | Lair:3   | Learned a level 5 spell: Yara's Violent Unravelling
 20248 | Lair:4   | Reached ****** piety under Hepliaklqana
 20451 | Lair:4   | Reached skill level 10 in Alchemy
 20678 | Lair:4   | Reached skill level 9 in Long Blades
 20927 | Lair:4   | Found a staircase to the Slime Pits.
 21734 | Lair:5   | Entered Level 5 of the Lair of Beasts
 21781 | Lair:5   | Reached skill level 5 in Dodging
 22226 | Lair:5   | Reached XP level 14. HP: 99/99 MP: 3/23
 22336 | Lair:4   | Acquired a recursive core {rC+ Will+ Regen+ RegenMP+}
 22420 | Lair:5   | Reached skill level 10 in Long Blades
 22607 | Lair:5   | Reached skill level 1 in Hexes
 23150 | Lair:5   | Reached skill level 10 in Conjurations
 23437 | Lair:5   | Reached skill level 11 in Long Blades
 23744 | Lair:5   | Reached XP level 15. HP: 103/103 MP: 24/24
 23747 | Lair:5   | Found a burning altar of Makhleb.
 23760 | Lair:5   | Found a gateway to Hell.
 24168 | D:12     | Found Umouv's Armour Emporium.
 24169 | D:12     | Found a gate leading to a gauntlet.
 24184 | Gauntlet | Entered a Gauntlet
 24184 | Gauntlet | Found a transporter.
 24193 | Gauntlet | Found a transporter.
 24208 | Gauntlet | Found a transporter.
 24209 | Gauntlet | Found a transporter.
 24219 | Gauntlet | Found a transporter.
 24239 | Gauntlet | Found a transporter.
 24252 | Gauntlet | Found a transporter.
 24252 | Gauntlet | Noticed a balrug
 24272 | Gauntlet | Found a transporter.
 24276 | Gauntlet | Found a transporter.
 24278 | Gauntlet | Found a runed translucent gate.
 24278 | Gauntlet | Found a runed translucent gate.
 24278 | Gauntlet | Found a runed translucent gate.
 24286 | Gauntlet | Found a transporter.
 24313 | Gauntlet | Found a transporter.
 24313 | Gauntlet | Found a transporter.
 24477 | Gauntlet | Gained mutation: You are somewhat resistant to further
                  | mutation. [potion of mutation]
 24797 | Gauntlet | Identified the +3 plate armour of Naxoh {rElec rC+ Regen+}
 24831 | Gauntlet | Got the Volume of Location
 24834 | Gauntlet | Got the Disquisition on Direction
 24866 | D:12     | Bought a +0 helmet for 58 gold pieces
 24980 | D:12     | Found a staircase to the Orcish Mines.
 25119 | Orc:1    | Entered Level 1 of the Orcish Mines
 25389 | Orc:1    | Found Pozeock's Book Shoppe.
 25397 | Orc:1    | Bought a manual of Invocations for 960 gold pieces
 25461 | Orc:2    | Entered Level 2 of the Orcish Mines
 25566 | Orc:2    | Noticed Jorgrun
 25581 | Orc:2    | Killed Jorgrun
 25582 | Orc:2    | Reached skill level 1 in Armour
 25641 | Orc:2    | Found a staircase to the Elven Halls.
 25664 | Orc:2    | Noticed Urug
 25677 | Orc:2    | Killed Urug
 25678 | Orc:2    | Reached skill level 1 in Invocations
 25821 | Orc:1    | Reached skill level 5 in Hexes
 26055 | Orc:2    | Noticed an orc warlord
 26134 | Orc:2    | Killed an orc warlord
 26447 | Orc:2    | Found Tebikh's General Store.
 26448 | Orc:2    | Found Googo's Jewellery Boutique.
 26450 | Orc:2    | Found Asash's Antique Armour Shop.
 26450 | Orc:2    | Found Hachoi's Antique Weapon Shop.
 26456 | Orc:2    | Bought a bone rapier for 342 gold pieces
 26456 | Orc:2    | Identified the +7 rapier of Wuffun {freeze, Fly rF- rN+++
                  | Will-} (You bought it in a shop on level 2 of the Orcish
                  | Mines)
 26466 | Orc:2    | Bought a scroll of summoning for 152 gold pieces
 26466 | Orc:2    | Bought a potion of curing for 48 gold pieces
 26466 | Orc:2    | Bought a potion of lignification for 48 gold pieces
 26466 | Orc:2    | Bought a scroll of fear for 64 gold pieces
 26569 | Orc:2    | Bought a pair of boots for 162 gold pieces
 26666 | D:13     | Noticed Josephine
 26672 | D:12     | Killed Josephine
 26870 | D:13     | Reached skill level 12 in Long Blades
 26914 | D:13     | Found a gate to the Vaults.
 27000 | D:13     | Reached XP level 16. HP: 101/111 MP: 25/25
 27069 | D:13     | Noticed Lodul
 27109 | D:13     | Killed Lodul
 27687 | D:14     | Reached skill level 5 in Invocations
 28141 | D:15     | Entered Level 15 of the Dungeon
 28677 | D:15     | Identified the +1 leather armour of Coilyv {Will+}
 28785 | D:15     | Found a staircase to the Depths.
 29134 | Spider:1 | Entered Level 1 of the Spider Nest
 29139 | Spider:1 | Reached skill level 5 in Armour
 29251 | Spider:1 | Reached XP level 17. HP: 118/118 MP: 5/26
 29302 | Lair:3   | Learned a level 2 spell: Mercury Vapours
 29408 | Spider:1 | Reached skill level 13 in Long Blades
 29463 | Spider:1 | Reached skill level 10 in Dodging
 29569 | Spider:1 | Found a large runed translucent door.
 29569 | Spider:1 | Found a large runed translucent door.
 29570 | Spider:1 | Noticed Ceotz's ghost (adept MiFi)
 29930 | Spider:2 | HP: 5/105 [pharaoh ant (7)]
 29930 | Spider:2 | Noticed Mlioglotl
 29931 | Spider:2 | Slain by a hellwing

Illustrated notes

Levels and vault maps discovered:
D:1:      dpeg_arrival_more_subterranean_lakeside_camping, layout_basic,
          minmay_misc_feat_tower, minmay_hexomino_p4
D:2:      minmay_spotlight, layout_basic,
          hellmonk_ecumenical_altar_pennies_from_heaven, uniq_natasha,
          uniq_sigmund
D:3:      gammafunk_wand_slinger, layout_basic, amethyst_overflow_temple_binary,
          mainiacjoe_overflow_chevrons, nicolae_qazlal_style_of_elements
D:4:      old_forge, layout_basic, lemuel_crystal_altar,
          minmay_temple_entry_ruins, serial_rivers,
          chequers_serial_rivers_small_a, chequers_serial_rivers_micro_d,
          chequers_serial_rivers_micro_a, chequers_serial_rivers_large_b,
          chequers_serial_rivers_micro_e, uniq_ijyb
D:5:      layout_loops_cross, nemelex_spade_bored_becter
D:6:      kennysheep_housing_project, layout_basic, serial_shops,
          nicolae_shop_bloodbath_and_beyond, minivault_27,
          nicolae_lava_and_water, amcnicky_mini_rare_corridor_liquid,
          guppyfry_shop_venom, uniq_prince_ribbit1, uniq_eustachio,
          uniq_menkaure
D:7:      gammafunk_steamed_eel, layout_loops_corners, lemuel_crystal_altar,
          enter_bailey_4, nicolae_the_louvre, uniq_jeremiah
D:8:      layout_rooms, serial_shops, nicolae_shop_tiny_waterfront
D:9:      gammafunk_cloud_chamber, layout_basic, kennysheep_ying_yang,
          okawaru_humans, gammafunk_temple_overflow_claw,
          minmay_lair_entry_grove, serial_shops, shop,
          minmay_mirror_moons_of_madness
D:10:     layout_grid_maze
D:11:     layout_cave_pools, enter_trove_3, wad_dig_loot, uniq_nergalle
D:12:     layout_cave_pools, orc_0_dummy, serial_shops, shop,
          gauntlet_entry_generic
D:13:     layout_basic, grunt_vaults_entry_tiered, uniq_josephine, uniq_lodul
D:14:     layout_irregular_city, roderic_lattice_octagonal_star, drop_trap,
          minmay_unpleasant_kobolds
D:15:     hellmonk_depths_entry_around_the_bend, layout_irregular_city,
          dk_noncrumbling_2, reono_crystal_passage
Lair:1:   layout_hall_layers
Lair:2:   layout_loops_ring
Lair:3:   layout_chaotic_city, nicolae_shoals_entry_flooding,
          nicolae_spider_entry_lesser_pyramids, beast_lair_carwin_10
Lair:4:   layout_regular_city, nicolae_slime_entry_slimehenge, dpeg_oklob_1
Lair:5:   evil_forest, layout_big_grid, serial_bayou_shore_b,
          serial_bayou_shore_b
Spider:1: layout_spider_delve, ebering_ghost_disaster_area,
          nicolae_spider_some_kinda_spiderbox
Spider:2: layout_spider_delve, nicolae_spider_checkerboard, uniq_mlioglotl
Orc:1:    layout_diamond_mine, serial_shops, shop
Orc:2:    st_orc_congregation, layout_caves, uniq_urug, uniq_jorgrun

Skill      XL: |  1  2  3  4  5  6  7  8  9 10 11 12 13 14 15 16 17 |
---------------+----------------------------------------------------+-----
Conjurations   | 1 2 3 4 5 6 7 8 10 | 10.0
Fighting       | 1 2 3 4 6 7 9 10 11 | 11.9
Stealth        | 2 |  2.0
Alchemy        | 1 2 3 4 5 6 8 10 11 12 | 12.0
Summonings     | 2 3 4 |  4.0
Short Blades   | 1 2 3 5 6 |  6.8
Spellcasting   | 3 4 5 6 |  6.0
Air Magic      | 1 2 3 4 5 6 |  6.0
Long Blades    | 1 2 3 4 5 7 9 11 12 13 | 13.1
Evocations     | 3 5 6 |  6.0
Dodging        | 5 7 8 9 10 | 10.0
Hexes          | 3 5 7 |  7.6
Armour         | 3 5 |  5.8
Invocations    | 3 6 7 |  7.4
Translocations | |  1.0

Action                     |  1- 3 |  4- 6 |  7- 9 | 10-12 | 13-15 | 16-18 || total
---------------------------+-------+-------+-------+-------+-------+-------++-------
  Melee: Dagger            |    22 |       |       |       |       |       ||    22
         Short sword       |    20 |    44 |    40 |   134 |   247 |    40 ||   525
         Trident           |    23 |    54 |       |       |       |       ||    77
         Double sword      |       |       |    52 |   162 |   296 |   175 ||   685
         Scimitar          |       |       |       |       |       |   128 ||   128
   Cast: Magic Dart        |    61 |    75 |   127 |   175 |   116 |     2 ||   556
         Call Imp          |       |     2 |       |       |       |       ||     2
         Mephitic Cloud    |       |       |     9 |    49 |    53 |    45 ||   156
         Olgreb's Toxic Ra |       |       |       |    28 |   105 |    46 ||   179
         Searing Ray       |       |       |       |     3 |    26 |     2 ||    31
         Irradiate         |       |       |       |       |    25 |     7 ||    32
         Yara's Violent Un |       |       |       |       |     3 |       ||     3
         Mercury Vapours   |       |       |       |       |       |     2 ||     2
 Invoke: Ancestor Life: He |       |       |     1 |       |       |       ||     1
         Recall Ancestor   |       |       |     1 |     3 |     2 |     1 ||     7
Ability: Invent Gizmo      |       |       |       |       |     1 |       ||     1
  Evoke: Wand              |       |     3 |     4 |     6 |    12 |       ||    25
         Phantom mirror    |       |       |       |     1 |     2 |       ||     3
    Use: Scroll            |       |     4 |     3 |    11 |    15 |     3 ||    36
         Potion            |       |       |     1 |     3 |    10 |     2 ||    16
   Stab: Sleeping          |     2 |     2 |       |     1 |       |       ||     5
         Distracted        |       |       |     2 |     1 |     4 |     4 ||    11
         Confused          |       |       |     1 |    15 |    33 |    27 ||    76
         Paralysed         |       |       |       |       |    17 |    29 ||    46
         Invisible         |       |       |       |       |       |     9 ||     9
         Held in net/web   |       |       |       |       |       |     1 ||     1
 Armour: Robe              |    14 |    38 |    40 |    97 |   163 |   125 ||   477
         Steam dragon scal |       |       |       |    11 |       |       ||    11
         Skin              |       |       |       |       |     9 |       ||     9
  Dodge: Dodged            |    17 |    33 |    48 |    82 |   140 |   181 ||   501

Table legend: (Time is in decaauts)
 A = Elapsed time spent in this place.
 B = Non-inter-level travel time spent in this place.
 C = Inter-level travel time spent in this place.
 D = Time resting spent in this place.
 E = Time spent auto-exploring this place.
 F = Levels seen in this place.
 G = Mean time per level.
                   A        B        C        D        E       F      G
               +--------+--------+--------+--------+--------+-----+--------+
         Total |  29880 |  28313 |   1567 |   2756 |  19320 |  26 | 1149.2 |
       Dungeon |  18890 |  17874 |   1016 |   1539 |  12919 |  15 | 1259.3 |
          Lair |   7565 |   7165 |    400 |    563 |   5014 |   5 | 1513.0 |
   Spider Nest |    643 |    636 |      7 |      5 |    369 |   2 |  321.5 |
  Orcish Mines |   1506 |   1363 |    143 |    109 |    740 |   2 |  753.0 |
        Bailey |    638 |    638 |      0 |    208 |    127 |   1 |  638.0 |
      Gauntlet |    635 |    635 |      0 |    332 |    150 |   1 |  635.0 |
               +--------+--------+--------+--------+--------+-----+--------+

Top non-repeatable levels by time:
     D:9: 2836 daAuts
     D:2: 2130 daAuts
  Lair:4: 2128 daAuts
  Lair:3: 1812 daAuts
  Lair:5: 1599 daAuts
     D:6: 1583 daAuts
     D:4: 1557 daAuts
     D:7: 1223 daAuts
     D:1: 1218 daAuts
     D:3: 1216 daAuts
    D:10: 1195 daAuts
  Lair:2: 1135 daAuts
    D:11: 1090 daAuts
     D:8: 1079 daAuts
   Orc:2: 998 daAuts
